 Dungeon Crawl Stone Soup version 0.21.1-1-g345015f (webtiles) character file.

5828 shakethe the Cleaver (level 10, 0/61 HPs)
             Began as a Gargoyle Gladiator on Feb 10, 2018.
             Was an Elder of Elyvilon.
             Killed from afar by Psyche (15 damage)
             ... with a puff of frost
             ... on level 8 of the Dungeon.
             The game lasted 00:27:24 (8131 turns).

shakethe the Cleaver (Gargoyle Gladiator)           Turns: 8131, Time: 00:27:25

Health: 0/61       AC: 22    Str: 22    XL:     10   Next: 80%
Magic:  15/15      EV: 10    Int:  8    God:    Elyvilon [****..]
Gold:   203        SH:  0    Dex: 14    Spells: 9/9 levels left

rFire    . . .     SeeInvis +   a - +0 war axe
rCold    . . .     Gourm    .   (no shield)
rNeg     + + .     Faith    .   G - +0 chain mail {rN+}
rPois    ∞         Spirit   .   c - +0 helmet
rElec    +         Reflect  .   j - +0 cloak
rCorr    .         Harm     .   m - +0 pair of gloves of Minor Irritation {rPois Str+3}
MR       .....                  g - +0 pair of boots
Stlth    ..........             u - amulet of regeneration {+regen, !d}
HPRegen  0.60/turn              y - ring of stealth {Stlth+}
MPRegen  0.14/turn              I - ring of see invisible {sInv, !d}

@: no status effects
A: negative energy resistance 1, electricity resistance, unbreathing,
petrification resistance, rot immunity, AC +7
a: Lesser Healing, Heal Other, Purification, Greater Healing, Divine Protection,
Renounce Religion


You were on level 8 of the Dungeon.
You worshipped Elyvilon.
Elyvilon was greatly pleased with you.
You were not hungry.

You visited 2 branches of the dungeon, and saw 9 of its levels.
You also visited: Sewer.

You collected 563 gold pieces.
You spent 360 gold pieces at shops.

Inventory:

Hand Weapons
 a - a +0 war axe (weapon)
Missiles
 d - 3 throwing nets {=f, !d}
Armour
 c - a +0 helmet (worn)
 g - a +0 pair of boots (worn)
   (You found it on level 1 of the Dungeon)
 j - a +0 cloak (worn)
   (You took it off Maurice on level 8 of the Dungeon)
 m - the +0 pair of gloves of Minor Irritation (worn) {rPois Str+3}
   (You bought it in a shop on level 7 of the Dungeon)

   It affects your strength (+3).
   It protects you from poison.
 G - a +0 chain mail of positive energy (worn)
   (You took it off an orc warrior on level 6 of the Dungeon)
Jewellery
 u - an amulet of regeneration (around neck) {+regen, !d}
   (You found it on level 4 of the Dungeon)
 y - a ring of stealth (left hand) {Stlth+}
   (You found it on level 4 of the Dungeon)
 C - an uncursed ring of ice {rC+, rF-}
   (You found it on level 5 of the Dungeon)
 I - a ring of see invisible (right hand) {sInv, !d}
   (You found it on level 7 of the Dungeon)
Wands
 k - a wand of random effects (11)
   (You found it on level 3 of the Dungeon)
 A - a wand of acid (11)
   (You found it on level 6 of the Dungeon)
Scrolls
 i - 4 scrolls of teleportation
 n - 2 scrolls of immolation {!r}
 o - a scroll of enchant weapon {unknown}
 r - 2 scrolls of fog
 t - a scroll of enchant armour
 v - a scroll of blinking {!r}
 w - a scroll of fear
 x - 3 scrolls of remove curse
 B - 3 scrolls of magic mapping {!r}
 F - a scroll of amnesia {unknown}
Potions
 b - a potion of might
 e - 2 potions of brilliance {unknown}
 h - 6 potions of curing
 l - 3 potions of flight
 p - a potion of ambrosia
 q - a potion of haste {unknown}
 s - a potion of magic {unknown}
 z - a potion of berserk rage {!q}
 D - a potion of heal wounds {unknown}
 J - a potion of degeneration {!q}
Books
 E - a book of Changes
   (You found it on level 6 of the Dungeon)
 H - a book of Minor Magic
   (You found it on level 8 of the Dungeon)
 L - a book of Flames
   (You found it on level 8 of the Dungeon)
 M - the Incunabulum of Aerial Unholy Arts
   (You found it on level 8 of the Dungeon)

   Spells                             Type                      Level
   a - Corpse Rot                     Necromancy                   2
   b - Silence                        Hexes/Air                    5
   c - Borgnjor's Vile Clutch         Necromancy/Earth             5
Comestibles
 f - 15 rations


   Skills:
 + Level 6.6 Fighting
 * Level 10.7 Axes
 - Level 1.7 Throwing
 + Level 6.1 Armour
 + Level 3.5 Dodging
 + Level 7.4 Invocations


You had 9 spell levels left.
You didn't know any spells.

Dungeon Overview and Level Annotations

Branches:
Dungeon (8/15)             Temple (1/1) D:6
   Lair: D:8-11

Altars:
Ashenzari
Cheibriados
Dithmenos
Elyvilon
Fedhas
Gozag
Hepliaklqana
Kikubaaqudgha
Makhleb
Nemelex Xobeh
Okawaru
Qazlal
Ru
Sif Muna
Trog
Uskayaw
Vehumet
Wu Jian
Xom
Yredelemnul
Zin
The Shining One
Lugonu

Shops:
D:4 ?(   D:7 }=[

Annotations:
D:3 Grinder
D:8 Psyche


Innate Abilities, Weirdness & Mutations

You are resistant to torment.
Your stone body is resilient. (AC +7)
You are immune to poison.
You resist negative energy. (rN+)
You are resistant to electric shocks. (rElec)
You can survive without breathing.
You are immune to petrification.
You are immune to rotting.


Message History

an uncursed shortbow; 11 arrows; a centaur corpse You butcher the centaur corpse.
K - 3 chunks of flesh {@w0}
Things that are here:
an uncursed shortbow; 11 arrows; a centaur skeleton There isn't anything to butcher here.
Health restored: 61
K - 7 chunks of flesh {@w0} (gained 4)
Items here: ( [[[ †† 3 arrows; an animal skin x3; a killer bee corpse x2
You butcher the killer bee corpse.
Items here: % ( [[[ † 3 arrows; an animal skin x3; a killer bee corpse an inedible chunk of flesh {@w0}
Things that are here:
an arrow; an animal skin There isn't anything to butcher here.
You see here an arrow.
There isn't anything to butcher here.
There isn't anything to butcher here.
You see here an arrow.
You see here an arrow.
Wield which item (- for none, * to show all)? (? for menu, Esc to quit)
Okay, then.
Eating one of 7 chunks of flesh {@w0}.
You eat one of the 7 chunks of flesh {@w0}.
Okay, then.
Found an escape hatch in the floor.
You see here an arrow.
You open the door.
Found an escape hatch in the ceiling.
There is an open door here.
No target in view!
Some of the chunks of flesh in your inventory have rotted away.
Found a stone staircase leading down.
No target in view!
There is a stone staircase leading down here.
You open the door.
There is an open door here.
You now have 203 gold pieces (gained 11).
A two-headed ogre comes into view.
It is wielding a giant club and a giant spiked club.
There is an open door here.
Keep equipping yourself?
You start putting on your armour.
You continue putting on your cloak. x4
The two-headed ogre hits you with a giant club.
The two-headed ogre barely misses you.
You finish putting on your +0 cloak.
You take 1 damage, and have 60/61 hp.
Heal: a two-headed ogre, wielding a giant club and a giant spiked club The light of Elyvilon fails to reach the two-headed ogre.
You are feeling hungry.
The two-headed ogre barely misses you.
The two-headed ogre hits you but does no damage.
Health restored: 61 You now have 13/15 mp.
You hit the two-headed ogre.
The two-headed ogre hits you but does no damage. x2
You slash the two-headed ogre! You hit the two-headed ogre.
The two-headed ogre hits you with a giant club!
The two-headed ogre hits you but does no damage.
You take 10 damage, and have 51/61 hp.
Unknown command.
You slash the two-headed ogre! The two-headed ogre barely misses you.
The two-headed ogre hits you with a giant spiked club.
You take 5 damage, and have 46/61 hp.
You hit the two-headed ogre. The two-headed ogre closely misses you.
The two-headed ogre misses you.
You slash the two-headed ogre! You slash the two-headed ogre!
You kill the two-headed ogre!
Your Armour skill increases to level 6!
Things that are here:
a giant club; a giant spiked club
Things that are here:
a giant club; a giant spiked club; MP restored: 15 Eating one of 3 chunks of flesh {@w0}.
You eat one of the 3 chunks of flesh {@w0}.
M - the Incunabulum of Aerial Unholy Arts Health restored: 61 All of the chunks of flesh in your inventory have rotted away.
Psyche the Insane Magess comes into view.
She is wielding a dagger of distortion.
Psyche shouts!
Psyche casts a spell at you. The puff of frost hits you!
Psyche points at you and mumbles some strange words.
The magic dart hits you!
You slash Psyche! Psyche hits you but does no damage.
Space warps horribly around you! Psyche hits you but does no damage.
Space warps horribly around you!
You take 34 damage, and have 27/61 hp.
MASSIVE DAMAGE!!
You slash Psyche! Psyche hits you but does no damage.
Space warps horribly around you!
* * * LOW HITPOINT WARNING * * *
You take 13 damage, and have 14/61 hp.
MASSIVE DAMAGE!!
Psyche gestures at you while chanting. The puff of frost hits you!
You die...

### #.#############
#..............
#.#.#.#########
#.#.#.....<....
###########.#.##########.
#.....@.@.#.#.....# #.
#.#######.#.#####.# #.
#.#.# #.# #. #.#.#
#.######. ###.#.#
#.#....#. ..#.#.#
#.#.##.#. #######.#.#.###
#.#.#..#. #.....#.#.#.#.#
#.#.#..#. #.###.#.#.#...#
#.#.#..#.


You could see Psyche.

Vanquished Creatures
  Erica (D:8)
  A two-headed ogre (D:8)
  Pikel (D:8)
  Maurice (D:8)
  Prince Ribbit (D:7)
  A hippogriff (D:7)
  3 hogs (D:7)
  A human (D:7)
  A yak (D:7)
  Duvessa (D:7)
  Menkaure (D:7)
  4 slaves (D:8)
  An orc warrior (D:6)
  A black bear (D:8)
  2 ice beasts (D:8)
  2 ogres (D:6)
  A phantom (D:5)
  5 centaurs
  A big kobold (Sewer)
  3 bullfrogs
  Dowan (D:7)
  3 scorpions
  4 killer bees (D:8)
  3 wights (D:7)
  2 howler monkeys (D:6)
  A crimson imp (D:6)
  A quasit (D:7)
  A jelly (D:5)
  A hound (D:5)
  3 orc wizards
  3 iguanas
  2 worker ants
  A hound zombie (D:7)
  A hound skeleton (D:5)
  2 worker ant zombies
  9 adders
  5 river rats
  A shadow imp (D:5)
  3 oozes
  An adder skeleton (D:5)
  5 worms
  3 dart slugs
  3 leopard geckos
  16 orcs
  7 ball pythons
  3 giant cockroaches
  12 goblins
  9 hobgoblins
  10 jackals
  13 kobolds
  A quokka (D:3)
  6 bats
  A frilled lizard (D:2)
  A jackal skeleton (D:4)
  A leopard gecko skeleton (D:5)
  A quokka zombie (D:5)
  11 rats
184 creatures vanquished.

Notes
Turn   | Place    | Note
-------+----------+-------------------------------------------
     0 | D:1      | shakethe the Gargoyle Gladiator began the quest for the Orb.
     0 | D:1      | Reached XP level 1. HP: 12/12 MP: 1/1
    94 | D:1      | Reached skill level 3 in Axes
   152 | D:1      | Reached XP level 2. HP: 17/17 MP: 2/2
   618 | D:1      | Reached XP level 3. HP: 17/21 MP: 3/3
   862 | D:1      | Reached skill level 4 in Axes
  1537 | D:2      | Found a burning altar of Makhleb.
  1537 | D:2      | Found a sparkling altar of Nemelex Xobeh.
  1632 | D:2      | Found a glowing silver altar of Zin.
  1677 | D:2      | Reached XP level 4. HP: 25/26 MP: 4/4
  2057 | D:3      | Reached skill level 5 in Axes
  2057 | D:3      | Reached XP level 5. HP: 25/30 MP: 5/5
  2176 | D:3      | Found a glowing drain.
  2185 | Sewer    | Entered a sewer
  2360 | Sewer    | Noticed a big kobold
  2392 | Sewer    | Killed a big kobold
  2392 | Sewer    | Reached skill level 6 in Axes
  2392 | Sewer    | Reached XP level 6. HP: 30/35 MP: 6/6
  2451 | Sewer    | Found a white marble altar of Elyvilon.
  2528 | Sewer    | Became a worshipper of Elyvilon the Healer
  2710 | D:3      | Found a shadowy altar of Dithmenos.
  2884 | D:3      | Noticed Grinder
  2893 | D:3      | Paralysed by Grinder for 4 turns
  2916 | D:3      | HP: 8/35 [Grinder/nerve-wracking pain (6)]
  3236 | D:3      | Found an ornate altar of the Wu Jian Council.
  3512 | D:4      | Reached * piety under Elyvilon
  3752 | D:4      | Found Estroliogg's Magic Scroll Shop.
  3760 | D:4      | Bought a scroll of blinking for 97 gold pieces
  3760 | D:4      | Bought a scroll of fear for 45 gold pieces
  3789 | D:4      | Reached ** piety under Elyvilon
  4017 | D:4      | Found a bloodstained altar of Trog.
  4073 | D:4      | Found Duthu's Weapon Emporium.
  4109 | D:4      | Found a white marble altar of Elyvilon.
  4109 | D:4      | Found a snail-covered altar of Cheibriados.
  4109 | D:4      | Found an opulent altar of Gozag.
  4212 | D:5      | Entered Level 5 of the Dungeon
  4231 | D:5      | Reached skill level 7 in Axes
  4231 | D:5      | Reached XP level 7. HP: 28/40 MP: 7/7
  4422 | D:5      | Reached skill level 1 in Invocations
  5011 | D:6      | Found a bloodstained altar of Trog.
  5034 | D:6      | Reached skill level 2 in Invocations
  5093 | D:6      | Reached *** piety under Elyvilon
  5104 | D:6      | Reached skill level 8 in Axes
  5104 | D:6      | Reached XP level 8. HP: 31/44 MP: 9/9
  5184 | D:6      | Reached skill level 3 in Invocations
  5368 | D:6      | Found a basalt altar of Yredelemnul.
  5485 | D:6      | Found a staircase to the Ecumenical Temple.
  5496 | Temple   | Entered the Ecumenical Temple
  5941 | D:6      | HP: 10/44 [orc warrior/trident (10)]
  5955 | D:6      | HP: 11/44 [orc warrior/trident (7)]
  6080 | D:7      | Reached skill level 4 in Invocations
  6087 | D:7      | Reached skill level 9 in Axes
  6093 | D:7      | Reached skill level 1 in Armour
  6131 | D:7      | Found Ibureceh's Antique Armour Emporium.
  6135 | D:7      | Bought a pair of ancient gloves for 218 gold pieces
  6140 | D:7      | Identified the +0 pair of gloves of Minor Irritation {rPois Str+3} (You bought it in a shop on level 7 of the Dungeon)
  6251 | D:7      | Reached skill level 3 in Fighting
  6339 | D:7      | Reached skill level 2 in Armour
  6399 | D:7      | Found Riosurec's Jewellery Boutique.
  6411 | D:7      | Found Oschec's Gadget Shoppe.
  6412 | D:7      | Noticed Prince Ribbit
  6471 | D:6      | Reached XP level 9. HP: 37/51 MP: 12/12
  6506 | D:7      | Killed Prince Ribbit
  6506 | D:7      | Reached skill level 5 in Invocations
  6520 | D:7      | Reached **** piety under Elyvilon
  6557 | D:7      | Reached skill level 3 in Armour
  6559 | D:7      | Noticed Duvessa
  6560 | D:7      | Noticed Dowan
  6593 | D:7      | Killed Duvessa
  6593 | D:7      | Reached skill level 4 in Fighting
  6610 | D:7      | Killed Dowan
  6710 | D:7      | Noticed Menkaure
  6719 | D:7      | Killed Menkaure
  6770 | D:7      | Reached skill level 4 in Armour
  6776 | D:7      | Reached skill level 5 in Fighting
  6780 | D:7      | Reached skill level 6 in Invocations
  7200 | D:8      | Found a hide-covered altar of Uskayaw.
  7265 | D:8      | Reached XP level 10. HP: 60/60 MP: 14/14
  7312 | D:8      | Reached skill level 5 in Armour
  7326 | D:8      | Noticed Maurice
  7337 | D:8      | Killed Maurice
  7337 | D:8      | Reached skill level 10 in Axes
  7373 | D:8      | Noticed Erica
  7387 | D:8      | Killed Erica
  7387 | D:8      | Reached skill level 6 in Fighting
  7579 | D:8      | Reached skill level 3 in Dodging
  7579 | D:8      | Reached skill level 7 in Invocations
  7801 | D:8      | Noticed Pikel
  7820 | D:8      | Killed Pikel
  8035 | D:8      | Noticed a two-headed ogre
  8048 | D:8      | Killed a two-headed ogre
  8048 | D:8      | Reached skill level 6 in Armour
  8089 | D:8      | Identified the Incunabulum of Aerial Unholy Arts
  8126 | D:8      | Noticed Psyche
  8130 | D:8      | HP: 14/61 [Psyche/dagger of distortion (13)]
  8131 | D:8      | Killed from afar by Psyche

Skill      XL: |  1  2  3  4  5  6  7  8  9 10 |
---------------+-------------------------------+-----
Axes           | 3 4 5 6 7 8 9 10 | 10.7
Invocations    | 2 4 6 7 |  7.4
Armour         | 2 4 6 |  6.1
Fighting       | 3 5 6 |  6.6
Dodging        | 3 |  3.5
Throwing       | |  1.7

Action                   |  1- 3 |  4- 6 |  7- 9 | 10-12 || total
-------------------------+-------+-------+-------+-------++-------
Melee: War axe           |   120 |   261 |   337 |   112 ||   830
       Unarmed           |       |       |    18 |       ||    18
Invok: Heal Other        |       |       |       |     1 ||     1
  Use: Scroll            |       |     5 |     7 |       ||    12
       Potion            |       |     2 |       |     1 ||     3
  Eat: Chunk             |     2 |     5 |     6 |     2 ||    15
       Ration            |       |     1 |     2 |       ||     3
Armor: Leather armour    |    30 |       |       |       ||    30
       Scale mail        |    25 |   176 |    83 |       ||   284
       Chain mail        |       |       |   152 |    98 ||   250
       Skin              |       |       |     3 |       ||     3
Dodge: Dodged            |    84 |   175 |   214 |    62 ||   535

Vault maps used:
D:1:      dpeg_arrival_concentric_ovals, minmay_tromino_v2
D:2:      zin_scriptorium, gammafunk_temple_overflow_elements, first_ration
D:3:      old_standard_altar, lemuel_round_altar, lightli_sewer_entry_pipes,
          minmay_snake_closets, uniq_grinder
D:4:      lightli_temple_of_fire, gammafunk_temple_overflow_forgotten,
          serial_shops, shop, nicolae_shop_behind_doors
D:5:      corner_web_ring
D:6:      kennysheep_mini, minmay_temple_entry_enclosed_plants,
          trog_three_pillars_becter
D:7:      serial_shops, nicolae_shop_behind_doors, nicolae_shop_window_shopping,
          shop, grunt_livestock, uniq_duvessa, uniq_prince_ribbit1,
          uniq_menkaure
D:8:      eat_drink_and_be_merry_uskayaw, uniq_pikel, uniq_erica, uniq_psyche,
          uniq_maurice
Temple:   kb_corrupted_temple
Sewer:    sewer_kobolds

Table legend:
 A = Turns spent in this place as a percentage of turns spent in the entire game.
 B = Non-inter-level travel turns spent in this place as a percentage of non-inter-level travel turns spent in the entire game.
 C = Inter-level travel turns spent in this place as a percentage of turns spent in this place.
 D = Turns resting spent in this place as a percentage of non-inter-level travel turns spent in this place.
 E = Turns spent auto-exploring this place as a percentage of non-inter-level travel turns spent in this place.
 F = Non-inter-level travel turns spent in this place divided by the number of levels of this place that you've seen.
                   A       B       C       D       E      F
               +-------+-------+-------+-------+-------+----------------------
         Total | 100.0 | 100.0 |   2.6 |   7.4 |  56.9 | 792.1
       Dungeon |  92.3 |  92.3 |   2.5 |   6.4 |  59.4 | 914.4
        Temple |   2.3 |   2.1 |  10.2 |   0.0 |  51.2 | 168.0
         Sewer |   5.4 |   5.5 |   0.0 |  27.4 |  17.4 | 438.0
               +-------+-------+-------+-------+-------+----------------------

Table legend:
 A = Kills in this place as a percentage of kills in entire the game.
 B = Kills by you in this place as a percentage of kills by you in the entire game.
 C = Kills by friends in this place as a percentage of kills by friends in the entire game.
 D = Other kills in this place as a percentage of other kills in the entire game.
 E = Experience gained in this place as a percentage of experience gained in the entire game.
 F = Experience gained in this place divided by the number of levels of this place that you have seen.
                   A       B       C       D       E      F
               +-------+-------+-------+-------+-------+----------------------
         Total | 100.0 | 100.0 |   N/A |   N/A | 100.0 | 832.6
       Dungeon |  95.0 |  95.0 |   N/A |   N/A |  98.2 | 1021.8
         Sewer |   5.0 |   5.0 |   N/A |   N/A |   1.8 | 152.0
               +-------+-------+-------+-------+-------+----------------------
